 Dungeon Crawl Stone Soup version 0.17.2-2-g6415ff710d (console) character file.

4 Goblin1989 the Cudgeler (level 1, -2/16 HPs)
             Began as a Demonspawn Gladiator on Nov 26, 2021.
             Slain by a kobold
             ... wielding a +0 club
              (5 damage)
             ... on level 1 of the Dungeon.
             The game lasted 00:00:27 (160 turns).

Goblin1989 the Cudgeler (Demonspawn Gladiator)       Turns: 160, Time: 00:00:27

Health: -2/16      AC:  4    Str: 15    XL:     1   Next: 50%
Magic:  1/1        EV: 12    Int:  9    God:
Gold:   22         SH:  0    Dex: 13    Spells: 0 memorised, 0 levels left

rFire  . . .     SeeInvis .     a - +0 flail
rCold  . . .     Clarity  .     b - +0 leather armour
rNeg   . . .     SustAt   .     (no shield)
rPois  .         Gourm    .     c - +0 helmet
rElec  .         Spirit   .     (no cloak)
rCorr  .         Warding  .     (no gloves)
rMut   .         Stasis   .     (no boots)
MR     .....                    (no amulet)
Stlth  +.........               (no ring)
                                (no ring)

@: not resistant to hostile enchantments, very unstealthy
A: no striking features
a: no special abilities


You were on level 1 of the Dungeon.
You were not hungry.

You visited 1 branch of the dungeon, and saw 1 of its levels.

You collected 22 gold pieces.

Inventory:

Hand Weapons
 a - a +0 flail (weapon)
Missiles
 Z - 3 throwing nets {!d, =f}
Armour
 b - a +0 leather armour (worn)
 c - a +0 helmet (worn)
Scrolls
 d - a scroll of recharging {unknown}
 g - a scroll of identify {unknown}
Comestibles
 e - a bread ration {@e1}
 f - a royal jelly


   Skills:
 - Level 2.0 Fighting
 + Level 3.0 Maces & Flails
 - Level 1.7 Throwing
 - Level 2.6 Dodging


You couldn't memorise any spells.
You didn't know any spells.

Dungeon Overview and Level Annotations

Branches:
Dungeon (1/15)

Altars:


Message History

You kill the bat!
No target in view!
No target in view!
No target in view!
No target in view!
No target in view!
No target in view!
No target in view!
No target in view!
No target in view!
No target in view!
No target in view!
No target in view!
No target in view!
No target in view!
No target in view!
No target in view!
No target in view!
No target in view!
No target in view!
A hobgoblin comes into view. It is wielding a club.
The hobgoblin shouts!
The hobgoblin hits you with a club.
You take 1 damage, and have 15/16 hp.
You closely miss the hobgoblin. The hobgoblin hits you with a club.
You take 2 damage, and have 13/16 hp.
You barely miss the hobgoblin. The hobgoblin closely misses you.
You closely miss the hobgoblin. The hobgoblin hits you with a club.
You take 2 damage, and have 11/16 hp.
You hit the hobgoblin.
You kill the hobgoblin!
No target in view!
No target in view!
No target in view!
No target in view!
No target in view!
No target in view!
No target in view!
No target in view!
No target in view!
No target in view!
No target in view!
No target in view!
No target in view!
No target in view!
No target in view!
No target in view!
No target in view!
You now have 22 gold pieces (gained 12).
Things that are here:
a club; a hobgoblin corpse
g - a scroll labeled VUPUSTR SAAGOF A kobold comes into view.
It is wielding a club.
A goblin comes into view. It is wielding a club.
You hit the goblin.
You kill the goblin!
Your Maces & Flails skill increases to level 3!
Unknown command.
Unknown command.
The kobold hits you but does no damage.
Things that are here:
a club; a goblin corpse You hit the kobold.
The kobold is severely wounded.
The kobold misses you.
You barely miss the kobold.
The kobold is severely wounded.
The kobold hits you with a club.
You take 4 damage, and have 8/16 hp.
O_OOPS!!
MASSIVE DAMAGE!!
You are too injured to fight recklessly!
You are too injured to fight recklessly!
You are too injured to fight recklessly!
You are too injured to fight recklessly!
You are too injured to fight recklessly!
You are too injured to fight recklessly!
You are too injured to fight recklessly!
You are too injured to fight recklessly!
You are too injured to fight recklessly!
You are too injured to fight recklessly!
You are too injured to fight recklessly!
You are too injured to fight recklessly!
You are too injured to fight recklessly!
You are too injured to fight recklessly!
You are too injured to fight recklessly!
You are too injured to fight recklessly!
You are too injured to fight recklessly!
You are too injured to fight recklessly!
You are too injured to fight recklessly!
You are too injured to fight recklessly!
You closely miss the kobold.
The kobold is severely wounded.
The kobold hits you with a club.
* * * LOW HITPOINT WARNING * * *
You take 2 damage, and have 6/16 hp.
You barely miss the kobold.
The kobold is severely wounded.
The kobold hits you with a club.
* * * LOW HITPOINT WARNING * * *
The kobold hits you with a club.
You die...

███..██..██.████........
█ ██.██..██.█ █..█████(
█.█....██.█ █).█
█.██....██.█ █..█ ..█
█....██.████..█████.█ ..
██.█.██.............█ .
█.█.███████..███████
█.█.█ █..█ █.█.█ █@.█
█..█. █...K........ ...
█.....█..██████ ███
.██...█..█ ███ █...
...██


████ You could see a kobold.

Vanquished Creatures
  A bat (D:1)
  A goblin (D:1)
  A hobgoblin (D:1)
3 creatures vanquished.

Notes
Turn   | Place    | Note
--------------------------------------------------------------
     0 | D:1      | Goblin1989 the Demonspawn Gladiator began the quest for the Orb.
     0 | D:1      | Reached XP level 1. HP: 16/16 MP: 1/1
   155 | D:1      | Reached skill level 3 in Maces & Flails
   160 | D:1      | Slain by a kobold

Action                   || total
-------------------------++-------
Melee: Flail             ||    10

Vault maps used:
D:1:      dpeg_arrival_three_smaller_balls
